 Dungeon Crawl Stone Soup version 0.29-a0-649-g45c230d69a (webtiles) character file.

Game seed: 3437818690933088388

154 Bnni the Poker (level 5, -4/42 HPs)
             Began as a Demonspawn Fighter on June 21, 2022.
             Slain by Edmund
             ... wielding a +3 flail of holy wrath
              (5 damage)
             ... on level 3 of the Dungeon.
             The game lasted 00:06:06 (2416 turns).

Bnni the Poker (Demonspawn Fighter)                 Turns: 2416, Time: 00:06:06

Health: -4/42      AC:  7    Str: 19    XL:     5   Next: 13%
Magic:  5/5        EV:  9    Int:  9    God:
Gold:   137        SH:  0    Dex: 12    Spells: 4/4 levels left

rFire   . . .      SeeInvis .   a - +0 trident
rCold   + . .      Faith    .   (no shield)
rNeg    . . .      Spirit   .   b - +0 scale mail
rPois   .          Reflect  .   q - +0 helmet
rElec   .          Harm     .   (no cloak)
rCorr   .          Rampage  .   (no gloves)
Will    .....                   (no boots)
Stlth   ..........              (no amulet)
HPRegen 0.14/turn               h - ring of protection from cold
MPRegen 0.09/turn               (no ring)

@: hasted, very quick
A: demonic touch 2
a: no special abilities


You were on level 3 of the Dungeon.
You visited 1 branch of the dungeon, and saw 4 of its levels.

You collected 137 gold pieces.

Inventory:

Hand Weapons
 a - a +0 trident (weapon)
Armour
 b - a +0 scale mail (worn)
 c - a +0 buckler
 q - a +0 helmet (worn)
Jewellery
 h - a ring of protection from cold (left hand)
 k - an amulet of magic regeneration
Scrolls
 e - 3 scrolls of identify {unknown}
 l - a scroll of immolation {unknown}
 m - a scroll of teleportation {unknown}
 n - a scroll of vulnerability {unknown}
 r - a scroll of fear {unknown}
Potions
 d - a potion of might
 g - a potion of curing {unknown}
 i - a potion of invisibility {unknown}
 j - a potion of degeneration {unknown}
 o - a potion of flight {unknown}
 p - 2 potions of heal wounds {unknown}


   Skills:
 + Level 4.1 Fighting
 * Level 4.1 Polearms
 - Level 2.6 Armour
 - Level 2.6 Shields


You had 4 spell levels left.
You didn't know any spells.
Your spell library contained the following spells:

 Spells                   Type           Power      Damage    Failure   Level
 Tukima's Dance           Hex            0%         N/A       98%         3
 Passage of Golubria      Tloc           0%         N/A       100%        4
 Summon Forest            Summ/Tloc      0%         N/A       100%        5
 Summon Mana Viper        Hex/Summ       0%         N/A       100%        5
 Yara's Violent Unravell  Hex/Tmut       0%         3d3       100%        5
 Summon Cactus Giant      Summ           0%         N/A       100%        6


Dungeon Overview and Level Annotations

Branches:
Dungeon (4/15)
 Temple: D:4-7

Altars:

Shops:
D:3 (

Annotations:
D:3 Edmund
D:4 Dowan


Innate Abilities, Weirdness & Mutations

Your touch may inflict irresistible damage on your foes.


Message History

The adder bites you but does no damage.
Edmund hits you with a +3 flail of holy wrath.
You convulse.
You hit Edmund but do no damage.
Edmund is moderately wounded.
The adder barely misses you.
A kobold comes into view. It is wielding a +0 dagger.
Edmund gestures with his flail.
Edmund hits you with a +3 flail of holy wrath.
You convulse.
Dowan, Brother of Duvessa comes into view.
He is wielding a +0 dagger.
The adder barely misses you.
You hit Edmund.
Edmund is heavily wounded.
The adder bites you but does no damage.
Edmund hits you with a +3 flail of holy wrath.
You convulse.
The adder bites you but does no damage. Edmund barely misses you.
The adder bites you but does no damage.
You climb upwards.
There is a stone staircase leading down here.
You hit Edmund but do no damage.
You touch Edmund!
Edmund is severely wounded.
Edmund hits you with a +3 flail of holy wrath!
You convulse!
* * * LOW HITPOINT WARNING * * *
The adder misses you.
You are too injured to fight recklessly!
You puncture the adder!
The adder is severely wounded.
The adder bites you.
* * * LOW HITPOINT WARNING * * *
Edmund hits you with a +3 flail of holy wrath.
* * * LOW HITPOINT WARNING * * *
You convulse.
* * * LOW HITPOINT WARNING * * *
It was a potion of haste.
You feel yourself speed up. The adder barely misses you.
Edmund hits you with a +3 flail of holy wrath.
You die...

###..........#............. #
#.............#.#.......## #
#............#...........# ###
##...............###....#.. ..#
#.............#........#### #.#
#....................#.# #.##
#..............##.####.# #..##
#.........S.......# #.# ##..#
#........@@..#..#.# #.##
##.###.................# #..#
##................###..# ###.###
#.................# #..###......
##..#..............###......#.###
..........).............#####....
...#............######...# ####.
................## #.#.# ##
.................#####.#.###### #


You could see Edmund and an adder.

Vanquished Creatures
  A howler monkey (D:3)
  5 adders
  2 worms
  2 dart slugs (D:1)
  7 ball pythons
  4 endoplasms
  A giant cockroach (D:2)
  4 goblins
  4 hobgoblins
  3 jackals (D:1)
  4 quokkas
  6 bats
  3 frilled lizards
  4 kobolds
  10 rats
60 creatures vanquished.

Vanquished Creatures (others)
  3 plants (D:2)
3 creatures vanquished.

Grand Total: 63 creatures vanquished

Notes
Turn   | Place    | Note
-------+----------+-------------------------------------------
     0 | D:1      | Bnni the Demonspawn Fighter began the quest for the Orb.
     0 | D:1      | Reached XP level 1. HP: 18/18 MP: 1/1
    90 | D:1      | Gained mutation: Your touch may inflict minor irresistible
                  | damage on your foes. [demonic ancestry]
    90 | D:1      | Reached XP level 2. HP: 14/24 MP: 2/2
   457 | D:1      | Found a faded altar of an unknown god.
   580 | D:1      | Gained mutation: Your touch may inflict irresistible damage
                  | on your foes. [demonic ancestry]
   580 | D:1      | Reached XP level 3. HP: 22/29 MP: 3/3
  1084 | D:2      | Reached XP level 4. HP: 19/37 MP: 4/4
  2108 | D:3      | Found Yditask's Antique Weapon Shoppe.
  2242 | D:3      | Reached XP level 5. HP: 42/42 MP: 5/5
  2407 | D:4      | Noticed Edmund
  2410 | D:4      | Noticed Dowan
  2415 | D:3      | HP: 2/42 [Edmund/+3 flail of holy wrath (1)]
  2416 | D:3      | Slain by Edmund

Illustrated notes

Levels and vault maps discovered:
D:1:      psy_arrival_conway, layout_rooms, shapermc_ecumenical_altar_pompeii
D:2:      layout_loops_ring, serial_forest, infiniplex_forest_clump_small,
          infiniplex_forest_clump_diagonal, infiniplex_forest_lined_room_,
          infiniplex_forest_split, infiniplex_forest_clump_medium,
          infiniplex_forest_straight_2, infiniplex_forest_clump_long,
          infiniplex_forest_straight_1, minmay_heptomino_w4
D:3:      layout_rooms, serial_shops, shop_statue
D:4:      layout_basic, minmay_temple_entry_proselytizer, grunt_ministairs_5,
          uniq_edmund, uniq_duvessa

Skill      XL: |  1  2  3  4 |
---------------+-------------+-----
Polearms       | 2 3 4 |  4.1
Fighting       | 4 |  4.1
Armour         | |  2.6
Shields        | |  2.6

Action                   |  1- 3 |  4- 6 || total
-------------------------+-------+-------++-------
Melee: Trident           |   113 |    70 ||   183
       Unarmed           |    16 |       ||    16
       Touch             |       |     6 ||     6
  Use: Potion            |       |     1 ||     1
Armor: Scale mail        |    84 |    20 ||   104
Dodge: Dodged            |    79 |    19 ||    98
Block: Buckler           |    31 |     4 ||    35

Table legend: (Time is in decaauts)
 A = Elapsed time spent in this place.
 B = Non-inter-level travel time spent in this place.
 C = Inter-level travel time spent in this place.
 D = Time resting spent in this place.
 E = Time spent auto-exploring this place.
 F = Levels seen in this place.
 G = Mean time per level.
                   A        B        C        D        E       F      G
               +--------+--------+--------+--------+--------+-----+--------+
         Total |   2452 |   2401 |     51 |      0 |   1983 |   4 |  613.0 |
       Dungeon |   2452 |   2401 |     51 |      0 |   1983 |   4 |  613.0 |
               +--------+--------+--------+--------+--------+-----+--------+

Top non-repeatable levels by time:
     D:2: 1140 daAuts
     D:1: 830 daAuts
     D:3: 476 daAuts
     D:4: 6 daAuts
